 Dungeon Crawl Stone Soup version 0.18-b1-20-g17449fe (webtiles) character file.

25760 LORDOFBUTT the Basher (level 13, -3/103 HPs)
             Began as a Human Fighter on May 3, 2016.
             Was a Priest of Ashenzari.
             Killed from afar by Nergalle (23 damage)
             ... with a bolt of negative energy
             ... on level 3 of the Lair of Beasts.
             The game lasted 00:28:02 (16733 turns).

LORDOFBUTT the Basher (Human Fighter)              Turns: 16733, Time: 00:28:02

Health: -3/103     AC: 13    Str: 26    XL:     13   Next: 53%
Magic:  18/18      EV:  8    Int:  9    God:    Ashenzari [***...]
Gold:   748        SH: 16    Dex: 15    Spells: 2 memorised, 16 levels left

rFire  . . .     SeeInvis +     y - +8 mace "Xumidy" {venom, rC+} (curse)
rCold  + . .     Gourm    .     b - +0 scale mail
rNeg   . . .     Faith    .     c - +0 shield
rPois  .         Spirit   .     x - +0 helmet
rElec  .         Dismiss  .     n - +2 cloak (curse)
rCorr  .         Reflect  +     u - +0 pair of gloves
SustAt .         Harm     .     (no boots)
MR     +....                    B - +5 amulet of reflection (curse)
Stlth  ..........               w - ring of Jismoa {MR+ Str+7} (curse)
                                o - ring of wizardry (curse)

@: heavily drained, somewhat resistant to hostile enchantments, extremely
unstealthy
A: no striking features
a: Curse Item, Scrying, Renounce Religion


You were on level 3 of the Lair of Beasts.
You worshipped Ashenzari.
Ashenzari was most pleased with you.
You were not hungry.

You visited 3 branches of the dungeon, and saw 16 of its levels.
You also visited: Sewer.

You collected 748 gold pieces.

Inventory:

Hand Weapons
 y - the cursed +8 mace "Xumidy" (weapon) {venom, rC+}
   (You found it on level 4 of the Dungeon)

   It poisons the flesh of those it strikes.
   It protects you from cold.
   It has a curse placed upon it.
 E - the +10 quarterstaff of Anumn {vamp, rElec rPois rC+ Int+3}
   (You found it on level 6 of the Dungeon)

   It inflicts no extra harm, but heals its wielder somewhat when it strikes a
   living foe.
   It affects your intelligence (+3).
   It protects you from cold.
   It insulates you from electricity.
   It protects you from poison.
Armour
 b - a +0 scale mail (worn)
 c - a +0 shield (worn)
 n - a cursed +2 cloak (worn)
 u - a +0 pair of gloves (worn)
 x - a +0 helmet (worn)
Jewellery
 o - a cursed ring of wizardry (left hand)
 w - the cursed ring of Jismoa (right hand) {MR+ Str+7}
   (You found it on level 11 of the Dungeon)

   [ring of protection from magic]

   It affects your strength (+7).
   It affects your resistance to hostile enchantments.
   It has a curse placed upon it.
 B - a cursed +5 amulet of reflection (around neck)
 L - an uncursed ring of fire
 S - an uncursed ring of wizardry
Wands
 k - a wand of confusion (15/48)
 p - a wand of iceblast (5/15)
 r - a wand of polymorph (18/24)
 z - a wand of enslavement (21/24)
 G - a wand of disintegration (12/24)
 J - a wand of enslavement (9/24)
 N - a wand of slowing (16/48)
 Q - a wand of random effects (20/48)
 R - a wand of enslavement (11/24)
Scrolls
 l - 2 scrolls of remove curse
 D - a scroll of noise
 T - a scroll of enchant armour
Potions
 d - 2 potions of agility
 e - 2 potions of cancellation
 h - 3 potions of flight
 q - 2 potions of curing
 s - 4 potions of lignification
 A - 2 potions of brilliance
 H - 2 potions of magic
 K - a potion of resistance {unknown}
 M - 3 potions of invisibility
 O - 2 potions of cure mutation {unknown}
 U - a potion of ambrosia {unknown}
Books
 C - a Grand Grimoire

   Spells                             Type                      Level
   a - Monstrous Menagerie            Summoning                    7
   b - Summon Greater Demon           Summoning                    7
   c - Malign Gateway                 Summoning/Translocation      7
   d - Summon Horrible Things         Summoning                    8
 F - a book of Necromancy

   Spells                             Type                      Level
   a - Pain                           Necromancy                   1
   b - Animate Skeleton               Necromancy                   1
   c - Vampiric Draining              Necromancy                   3
   d - Regeneration                   Charms/Necromancy            3
   e - Animate Dead                   Necromancy                   4
   f - Control Undead                 Necromancy                   4
 I - a book of Annihilations

   Spells                             Type                      Level
   a - Poison Arrow                   Conjuration/Poison           6
   b - Chain Lightning                Conjuration/Air              8
   c - Lehudib's Crystal Spear        Conjuration/Earth            8
   d - Glaciate                       Conjuration/Ice              9
   e - Fire Storm                     Conjuration/Fire             9
 P - a book of Enchantments

   Spells                             Type                      Level
   a - Cause Fear                     Hexes                        4
   b - Yara's Violent Unravelling     Hexes/Transmutation          5
   c - Silence                        Hexes/Air                    5
   d - Deflect Missiles               Charms/Air                   6
   e - Haste                          Charms                       6
   f - Discord                        Hexes                        8
Comestibles
 f - 9 bread rations
 i - 10 fruits
 j - 7 meat rations
 v - 9 royal jellies


   Skills:
 + Level 10.3(7.2) Fighting
   Level 4.6(6.4) Axes
 - Level 12.4(11.8) Maces & Flails
 + Level 9.9(6.9) Armour
 + Level 10.3(7.3) Shields
 * Level 3.3(0.8) Spellcasting
 * Level 4.0(3.9) Necromancy


You had 16 spell levels left.
You knew the following spells:

 Your Spells              Type           Power        Failure   Level  Hunger
a - Pain                  Necr           #...         21%         1    ##.....
b - Animate Skeleton      Necr           N/A          21%         1    ##.....


Dungeon Overview and Level Annotations

Branches:
Dungeon (12/15)            Temple (1/1) D:5            Lair (3/8) D:9
    Orc (0/2) D:10
  Swamp: Lair:3-6    Shoals: Lair:3-6     Snake: Lair:3-6    Spider: Lair:3-6

Altars:
Ashenzari
Cheibriados
Dithmenos
Elyvilon
Fedhas
Gozag
Kikubaaqudgha
Makhleb
Nemelex Xobeh
Okawaru
Pakellas
Qazlal
Ru
Sif Muna
Trog
Vehumet
Xom
Yredelemnul
Zin
The Shining One

Shops:
D:4 }   D:9 }%*

Annotations:
Lair:3 Nergalle


Message History

The spectral orc warrior hits you from afar with a glaive.
* * * LOW HITPOINT WARNING * * *
You block the spectral orc warrior's attack.
The spectral orc warrior barely misses you.
You hit Nergalle.
Nergalle is severely wounded.
Nergalle is no longer invulnerable.
You block the spectral orc warrior's attack.
The spectral orc warlord hits you but does no damage.
The spectral orc knight barely misses you.
You block the spectral orc warrior's attack.
Nergalle hits you but does no damage.
The spectral orc warrior hits you from afar with a glaive.
* * * LOW HITPOINT WARNING * * *
You barely miss Nergalle.
Nergalle is severely wounded.
The spectral orc warrior barely misses you.
Nergalle points at you and mumbles some strange words.
The bolt of negative energy hits you!
You feel drained.
You die...

#...##.##.#.......### ##...#
##....##............### ####...##
*#....@r(.##.P.......P###.......#
#......r.P####.###.#..##.......#
....#...### ##..⌠.#...........##
...#...## #.................#
..#....# #⌠Z<.⌠#.#.........#
......## #ZZZ†...##.........
.....P# #.@Z.######........
......#** * * #.oZ## * ####....#
#Z..Z. ##... , * ,,#.......# * ,
... , *#.#...#.# , .# ⌠
'...⌠.#('. , .#.....#,#.. , * ,,
..#.#...# .# , , * , ,**


You could see Nergalle, 6 spectral orc warriors, a spectral orc knight and a
spectral orc warlord.

Vanquished Creatures
  Rupert (Lair:2)
  Josephine (D:9)
  2 hydras
  Urug (Lair:3)
  The ghost of Weresquid the Covert, a novice OpAs of Ashenzari (D:8)
  A hill giant (D:11)
  An ugly thing (D:11)
  Maurice (D:9)
  A manticore (D:11)
  Psyche (D:10)
  2 black mambas (Lair:1)
  3 spiny frogs
  A komodo dragon (D:11)
  A kobold demonologist (D:11)
  A queen bee (D:11)
  A two-headed ogre (D:9)
  3 trolls
  The ghost of jerkaderka the Slinger, an amateur HaHu of Pakellas (D:3)
  2 wraiths
  A wyvern (D:9)
  24 yaks
  5 hippogriffs
  A basilisk (Lair:1)
  3 steam dragons
  4 vampire mosquitoes
  Menkaure (D:4)
  3 water moccasins
  6 porcupines
  2 black bears
  Purgy (Sewer)
  2 ice beasts
  4 orc warriors
  3 sky beasts
  A wasp (D:10)
  2 phantoms
  10 ogres
  4 centaurs
  4 wolves (Lair:3)
  6 crocodiles
  4 big kobolds
  16 giant frogs
  2 scorpions
  2 wyvern skeletons (D:11)
  21 killer bees
  9 wights
  5 howler monkeys
  4 centaur zombies
  8 crimson imps
  A giant frog zombie (D:5)
  13 orc priests
  3 centaur skeletons
  4 jellies
  12 orc wizards
  5 giant frog skeletons
  6 iguanas
  6 worker ants
  A hound zombie (D:10)
  A hound skeleton (D:7)
  A howler monkey zombie (D:11)
  A worker ant zombie (D:8)
  5 adders
  8 river rats (Lair:1)
  2 shadow imps
  2 oozes
  An adder zombie (D:7)
  An adder skeleton (D:4)
  2 worms
  4 dart slugs
  9 giant geckos
  40 orcs
  9 giant cockroaches
  5 goblins
  2 hobgoblins
  12 jackals
  3 quokkas
  3 ball pythons
  6 bats
  A giant gecko zombie (D:8)
  4 giant newts
  A jackal skeleton (D:5)
  A jackal zombie (D:5)
  21 kobolds
  7 rats
387 creatures vanquished.

Vanquished Creatures (others)
  A centaur (D:11)
  2 orcs (D:8)
  A fungus (Lair:3)
  22 plants (Lair:3)
26 creatures vanquished.

Grand Total: 413 creatures vanquished

Notes
Turn   | Place    | Note
--------------------------------------------------------------
     0 | D:1      | LORDOFBUTT the Human Fighter began the quest for the Orb.
     0 | D:1      | Reached XP level 1. HP: 18/18 MP: 1/1
    61 | D:1      | Reached XP level 2. HP: 23/24 MP: 2/2
   460 | D:1      | Reached XP level 3. HP: 28/29 MP: 3/3
   761 | D:2      | Found an iron altar of Okawaru.
  1327 | D:2      | Reached XP level 4. HP: 35/35 MP: 4/4
  1661 | D:3      | Reached XP level 5. HP: 17/41 MP: 5/5
  1823 | D:3      | Noticed jerkaderka's ghost (amateur HaHu)
  1848 | D:3      | Killed jerkaderka's ghost
  1848 | D:3      | Reached XP level 6. HP: 13/48 MP: 6/6
  2216 | D:4      | Reached XP level 7. HP: 39/54 MP: 7/7
  2269 | D:4      | Found a stormy altar of Qazlal.
  2279 | D:4      | Got a polished mace
  2280 | D:4      | Identified the +8 mace "Xumidy" {venom, rC+} (You found it on level 4 of the Dungeon)
  2303 | D:4      | Noticed Menkaure
  2308 | D:4      | Killed Menkaure
  2308 | D:4      | Reached skill level 1 in Maces & Flails
  2513 | D:4      | Found a glowing drain.
  2596 | Sewer    | Entered a sewer
  2611 | Sewer    | Reached skill level 2 in Maces & Flails
  2653 | Sewer    | Noticed Purgy
  2661 | Sewer    | Killed Purgy
  2820 | D:4      | Reached skill level 3 in Maces & Flails
  2820 | D:4      | Reached XP level 8. HP: 61/61 MP: 8/8
  2861 | D:4      | Found Ozap's Gadget Shoppe.
  3065 | D:4      | Reached skill level 5 in Fighting
  3306 | D:5      | Entered Level 5 of the Dungeon
  3645 | D:5      | Reached skill level 4 in Maces & Flails
  3645 | D:5      | Reached skill level 5 in Armour
  3655 | D:5      | Reached skill level 5 in Shields
  3788 | D:5      | Found a staircase to the Ecumenical Temple.
  3997 | Temple   | Entered the Ecumenical Temple
  4096 | Temple   | Became a worshipper of Ashenzari the Shackled
  4346 | D:6      | Reached skill level 5 in Maces & Flails
  4346 | D:6      | Reached XP level 9. HP: 68/68 MP: 9/9
  4857 | D:6      | Reached skill level 6 in Maces & Flails
  4878 | D:6      | Identified the +10 quarterstaff of Anumn {vamp, rElec rPois rC+ Int+3}
  5233 | D:7      | Learned a level 1 spell: Pain
  5235 | D:7      | Learned a level 1 spell: Animate Skeleton
  5609 | D:7      | Reached * piety under Ashenzari
  5809 | D:8      | Noticed Weresquid's ghost (novice OpAs)
  6108 | D:7      | Reached skill level 7 in Maces & Flails
  6108 | D:7      | Reached XP level 10. HP: 27/77 MP: 10/10
  6565 | D:7      | Learned a level 1 spell: Animate Skeleton
  6693 | D:8      | Killed Weresquid's ghost
  6693 | D:8      | Reached skill level 8 in Maces & Flails
  7347 | D:9      | Reached skill level 9 in Maces & Flails
  7375 | D:9      | Reached XP level 11. HP: 55/86 MP: 11/11
  7754 | D:9      | Found a staircase to the Lair.
  8139 | D:9      | Found Nucram's Gadget Emporium.
  8173 | D:9      | Found Omugun's Food Shoppe.
  8269 | D:9      | Found Kuvvajafo's Assorted Antiques.
  8354 | D:9      | Noticed Maurice
  8364 | D:9      | Killed Maurice
  8519 | D:10     | Entered Level 10 of the Dungeon
  8554 | D:10     | Noticed Josephine
  8878 | D:9      | Killed Josephine
  8878 | D:9      | Reached skill level 10 in Maces & Flails
  9485 | D:10     | Noticed Psyche
  9491 | D:10     | Killed Psyche
  9554 | D:10     | Found a staircase to the Orcish Mines.
  9814 | D:10     | Reached ** piety under Ashenzari
 10772 | D:10     | Reached XP level 12. HP: 76/95 MP: 12/12
 11072 | D:10     | Reached skill level 11 in Maces & Flails
 11749 | D:11     | Noticed a five-headed hydra
 11760 | D:11     | Killed a five-headed hydra
 11828 | D:11     | HP: 3/96 [troll (2)]
 13403 | D:11     | Identified the ring of Jismoa {MR+ Str+7}
 13593 | D:12     | Reached skill level 12 in Maces & Flails
 13758 | Lair:1   | Entered Level 1 of the Lair of Beasts
 14315 | Lair:1   | Reached XP level 13. HP: 93/103 MP: 13/13
 14428 | Lair:1   | Reached skill level 10 in Shields
 14978 | Lair:2   | Reached skill level 1 in Necromancy
 14981 | Lair:2   | Reached skill level 1 in Spellcasting
 15509 | Lair:3   | Reached skill level 10 in Fighting
 15566 | Lair:3   | Noticed a five-headed hydra
 15569 | Lair:3   | Reached *** piety under Ashenzari
 15578 | Lair:3   | Killed a five-headed hydra
 15599 | Lair:3   | Noticed Urug
 15627 | Lair:3   | Killed Urug
 16077 | Lair:3   | Noticed Rupert
 16468 | Lair:2   | Paralysed by Rupert for 2 turns
 16479 | Lair:2   | Killed Rupert
 16696 | Lair:3   | Noticed Nergalle
 16733 | Lair:3   | Killed from afar by Nergalle

Skill      XL: |  1  2  3  4  5  6  7  8  9 10 11 12 13 |
---------------+----------------------------------------+-----
Axes           | 3 4 |  4.6
Fighting       | 4 5 6 7 9 10 | 10.3
Armour         | 4 5 6 7 8 9 |  9.9
Shields        | 4 5 6 7 8 9 10 | 10.3
Maces & Flails | 3 5 7 9 10 12 | 12.4
Necromancy     | 4 |  4.0
Spellcasting   | 3 |  3.3

Action                   |  1- 3 |  4- 6 |  7- 9 | 10-12 | 13-15 || total
-------------------------+-------+-------+-------+-------+-------++-------
Melee: War axe           |    90 |    87 |     9 |       |       ||   186
       Mace              |       |       |   291 |   837 |   185 ||  1313
Invok: Curse Item        |       |       |     2 |     2 |     1 ||     5
Evoke: Wand              |       |       |       |     1 |     5 ||     6
  Use: Potion            |       |     2 |       |     7 |     4 ||    13
       Scroll            |       |       |     6 |    21 |     2 ||    29
  Eat: Pizza             |     2 |       |       |       |     1 ||     3
       Bread ration      |     1 |       |       |     1 |       ||     2
       Meat ration       |       |       |     3 |     1 |       ||     4
       Fruit             |       |       |       |    11 |       ||    11
       Chunk             |       |       |       |     2 |       ||     2
       Beef jerky        |       |       |       |       |     5 ||     5
Armor: Scale mail        |    46 |    55 |   110 |   334 |    61 ||   606
Dodge: Dodged            |    25 |    22 |    69 |   203 |    47 ||   366
Block: Shield            |    51 |    47 |   197 |   796 |   194 ||  1285
       Reflection        |       |       |     1 |    23 |     3 ||    27
